 Dungeon Crawl Stone Soup version 0.21.1-1-g345015fe64 (webtiles) character file.

79 Ivernyr the Shooter (level 4, 35/36 HPs)
             Began as a Centaur Arcane Marksman on Mar 27, 2018.
             Quit the game on level 2 of the Dungeon.
             The game lasted 00:17:16 (1561 turns).

Ivernyr the Shooter (Centaur Arcane Marksman)       Turns: 1561, Time: 00:17:17

Health: 35/36      AC:  4    Str: 11 (13) XL:     4   Next: 16%
Magic:  5/5        EV: 15    Int:  9 (12) God:
Gold:   104        SH:  0    Dex: 14 (15) Spells: 1/5 levels left

rFire    . . .     SeeInvis .   (no weapon)
rCold    . . .     Gourm    .   (no shield)
rNeg     + . .     Faith    .   e - +0 robe
rPois    .         Spirit   .   (no helmet)
rElec    .         Reflect  .   (no cloak)
rCorr    .         Harm     .   (no gloves)
MR       .....                  (no barding)
Stlth    +.........             (no amulet)
HPRegen  0.12/turn              n - ring of positive energy
MPRegen  0.09/turn              (no ring)

@: confused, agile, mildly poisoned (35 -> 26), very slightly contaminated, very
quick
A: large, hooves 3, deformed body, speed 2, tough skin 3
a: no special abilities


You were on level 2 of the Dungeon.
You were not hungry.

You visited 1 branch of the dungeon, and saw 2 of its levels.

You collected 104 gold pieces.

Inventory:

Hand Weapons
 a - a +0 shortbow
Missiles
 d - 92 arrows
Armour
 e - a +0 robe (worn)
Jewellery
 n - a ring of positive energy (left hand)
Scrolls
 b - a scroll of enchant weapon {unknown}
 g - 3 scrolls of identify {unknown}
 h - 2 scrolls of remove curse {unknown}
 i - a scroll of magic mapping {unknown}
 p - a scroll of fear {unknown}
 r - a scroll of immolation {unknown}
 t - a scroll of enchant armour {unknown}
Potions
 k - a potion of agility
 q - a potion of brilliance {unknown}
Books
 c - a book of Debilitation

   Spells                             Type                      Level
   a - Corona                         Hexes                        1
   b - Slow                           Hexes                        2
   c - Inner Flame                    Hexes/Fire                   3
   d - Portal Projectile              Hexes/Translocation          3
   e - Cause Fear                     Hexes                        4
   f - Leda's Liquefaction            Hexes/Earth                  4
 o - a book of Minor Magic

   Spells                             Type                      Level
   a - Magic Dart                     Conjuration                  1
   b - Blink                          Translocation                2
   c - Call Imp                       Summoning                    2
   d - Slow                           Hexes                        2
   e - Conjure Flame                  Conjuration/Fire             3
   f - Mephitic Cloud                 Conjuration/Poison/Air       3
Comestibles
 f - 3 rations
 s - a chunk of flesh


   Skills:
 + Level 2.1 Fighting
 * Level 4.6 Bows
 - Level 1.3 Dodging
 - Level 1.0 Spellcasting
 + Level 3.2 Hexes


You had one spell level left.
You knew the following spells:

 Your Spells              Type           Power        Failure   Level  Hunger
a - Corona                Hex            #......      10%         1    ##.....
b - Portal Projectile     Hex/Tloc       #.....       50%         3    ####...


Dungeon Overview and Level Annotations

Branches:
Dungeon (2/15)

Altars:
Sif Muna
The Shining One


Innate Abilities, Weirdness & Mutations

You have hooves in place of feet.
Armour fits poorly on your strangely shaped body.
You cover ground very quickly.
You have extremely tough skin. (AC +3)


Message History

You feel sick.
There is a lethal amount of poison in your body!
It was a potion of agility.
You feel agile all of a sudden.
* * * LOW HITPOINT WARNING * * *
You feel sick.
It was a potion of degeneration.
There was something very wrong with that liquid.
You feel weakened.
You feel dopey.
You feel clumsy.
* * * LOW HITPOINT WARNING * * *
You feel sick.
It was a potion of ambrosia.
You are confused.
You feel invigorated.
You feel sick.
There is a lethal amount of poison in your body!
There is a lethal amount of poison in your body!
There is a lethal amount of poison in your body!
It was a potion of heal wounds.
You feel much better.
You feel sick.
You feel sick.
Are you sure you want to abandon this character and quit the game? (Confirm with "yes".)

........####...#########.......##
........'.......................'
........####...#########.#...#.##
.......## ##.## #.......##
#.....## #.#### ####.#### ##...##
#....# #.# ##'## ####†# #.# #.#
#.# #.# #.# #@# #.# ##.## #.# #.#
##...## #.# #.# # ......# #.# #.#
## .....## #.# #.# ##. .##......
..# #.###.# .##.##### ### #.....#
###.# #####.# #)# ##.


There were no monsters in sight!

Vanquished Creatures
  3 adders (D:2)
  3 oozes (D:2)
  2 worms (D:2)
  A dart slug (D:1)
  6 bats
  A giant cockroach (D:1)
  3 goblins
  3 hobgoblins (D:2)
  3 frilled lizards
  4 kobolds
  3 rats (D:1)
32 creatures vanquished.

Notes
Turn   | Place    | Note
-------+----------+-------------------------------------------
     0 | D:1      | Ivernyr the Centaur Arcane Marksman began the quest for the Orb.
     0 | D:1      | Reached XP level 1. HP: 16/16 MP: 2/2
    41 | D:1      | Reached skill level 3 in Bows
   195 | D:1      | Reached XP level 2. HP: 20/23 MP: 3/3
   377 | D:1      | You fall through a shaft!
   630 | D:2      | Reached XP level 3. HP: 18/28 MP: 4/4
   792 | D:2      | Reached skill level 4 in Bows
   861 | D:2      | Learned a level 3 spell: Portal Projectile
   949 | D:2      | Found a deep blue altar of Sif Muna.
  1456 | D:2      | Reached XP level 4. HP: 34/36 MP: 5/5
  1471 | D:2      | Found a glowing golden altar of the Shining One.
  1561 | D:2      | Quit the game

Skill      XL: |  1  2  3 |
---------------+----------+-----
Bows           | 3 4 |  4.6
Hexes          | 3 |  3.2
Fighting       | 2 |  2.1
Dodging        | |  1.3
Spellcasting   | |  1.0

Action                   |  1- 3 |  4- 6 || total
-------------------------+-------+-------++-------
Melee: Unarmed           |   114 |    19 ||   133
       Kick              |    22 |     3 ||    25
 Fire: Shortbow          |    22 |       ||    22
 Cast: Corona            |     5 |     1 ||     6
  Use: Potion            |       |     4 ||     4
  Eat: Chunk             |     1 |     1 ||     2
Armor: Robe              |    42 |     2 ||    44
Dodge: Dodged            |    52 |     8 ||    60
